 Dungeon Crawl Stone Soup version 0.20.1-1-g8b1a95d (webtiles) character file.

1395 Peloso the Slasher (level 8, 47/67 HPs)
             Began as a Demonspawn Fighter on Aug 3, 2017.
             Quit the game on level 4 of the Dungeon.
             The game lasted 00:06:56 (2883 turns).

Peloso the Slasher (Demonspawn Fighter)             Turns: 2883, Time: 00:06:57

Health: 47/67      AC: 15    Str: 19    XL:     8   Next: 41%
Magic:  8/8        EV:  6    Int: 11    God:
Gold:   142        SH: 11    Dex: 13    Spells: 7/7 levels left

rFire    . . .     SeeInvis .   a - +0 long sword
rCold    . . .     Gourm    .   c - +1 shield
rNeg     . . .     Faith    .   t - +0 chain mail
rPois    .         Spirit   .   (helmet restricted)
rElec    .         Reflect  .   q - +0 cloak
rCorr    .         Harm     .   (no gloves)
MR       .....                  (boots unavailable)
Stlth    ..........             (no amulet)
Regen    0.3/turn               (no ring)
MPRegen  0.2/turn               (no ring)

@: no status effects
A: hooves 3, horns 1, iridescent scales 2, clever 1, robust 1
a: no special abilities


You were on level 4 of the Dungeon.
You were not hungry.

You visited 1 branch of the dungeon, and saw 4 of its levels.

You collected 142 gold pieces.

Inventory:

Hand Weapons
 a - a +0 long sword (weapon)
 h - a +0 whip of flaming
Armour
 c - a +1 shield (worn)
 i - a +0 helmet
 q - a +0 cloak (worn)
 t - a +0 chain mail (worn)
Scrolls
 j - a scroll of remove curse
 n - a scroll of enchant weapon {unknown}
Potions
 d - a potion of might
 g - 2 potions of curing {unknown}
 k - 2 potions of lignification {unknown}
 l - a potion of agility {unknown}
 m - a potion of berserk rage {unknown}
 p - a potion of degeneration {unknown}
 r - a potion of ambrosia {unknown}
 s - a potion of haste {unknown}
Comestibles
 b - 5 chunks of flesh
 f - 4 bread rations
 o - 2 fruits


   Skills:
 + Level 4.4 Fighting
 + Level 5.9 Long Blades
 + Level 5.2 Armour
 + Level 2.2 Dodging
 + Level 0.4 Stealth
 + Level 5.3 Shields


You had 7 spell levels left.
You didn't know any spells.

Dungeon Overview and Level Annotations

Branches:
Dungeon (4/15)
 Temple: D:4-7

Altars:
Uskayaw


Innate Abilities, Weirdness & Mutations

You have hooves in place of feet.
You are mostly covered in iridescent scales. (AC +4)
You have a pair of small horns on your head.
Your mind is acute. (Int +2)
You are robust. (+10% HP)


Message History

You kill the orc wizard!
You block the orc's attack. The orc hits you with a club.
Things that are here:
a dagger; a robe; an orc corpse You slash the orc!
You kill the orc!
Some of the chunks of flesh in your inventory have rotted away.
Items here: )) [[ † a club; a ring mail; a dagger; a robe; an orc corpse
s - a fuming brown potion You feel extremely strange.
A pair of horns grows on your head!
Your +0 helmet falls away!
You feel robust.
Your feet have mutated into hooves.
You feel clever.
You feel a little less mighty now.
Unknown command.
Are you sure you want to abandon this character and quit the game? (Confirm with "yes".)
Okay, then.
Are you sure you want to abandon this character and quit the game? (Confirm with "yes".)

.# # #.# #######
##########.###.#....
#.....##............
#.....##.#.###.#....
#.....##.#.###.#....
#.....).>...........
#.....)).....#.#####
#..@.........#.# .
###............#
#..........###
#..........#
............#
...............
...<......#....$.
..........#.....%.
###########.......


There were no monsters in sight!

Vanquished Creatures
  A two-headed ogre (D:4)
  Pikel (D:4)
  A centaur skeleton (D:4)
  Crazy Yiuf (D:2)
  3 orc wizards
  Natasha (D:2)
  Robin (D:2)
  3 adders
  3 gnolls (D:3)
  A worm (D:3)
  4 dart slugs
  2 leopard geckos
  5 orcs
  6 giant cockroaches
  17 goblins
  10 hobgoblins
  7 kobolds
  A ball python (D:1)
  7 bats
  6 frilled lizards
  8 rats
89 creatures vanquished.

Notes
Turn   | Place    | Note
-------+----------+-------------------------------------------
     0 | D:1      | Peloso the Demonspawn Fighter began the quest for the Orb.
     0 | D:1      | Reached XP level 1. HP: 18/18 MP: 1/1
   103 | D:1      | Gained mutation: You are partially covered in iridescent scales. (AC +2) [demonic ancestry]
   103 | D:1      | Reached XP level 2. HP: 14/24 MP: 2/2
   276 | D:1      | You fall through a shaft!
   276 | D:2      | Noticed Robin
   287 | D:2      | Gained mutation: You have large cloven feet. [demonic ancestry]
   287 | D:2      | Reached XP level 3. HP: 23/29 MP: 3/3
   298 | D:2      | Killed Robin
   443 | D:2      | Reached XP level 4. HP: 35/35 MP: 4/4
   635 | D:2      | Noticed Natasha
   643 | D:2      | Killed Natasha
   881 | D:2      | Found a runed door.
  1677 | D:2      | Noticed Crazy Yiuf
  1681 | D:2      | Killed Crazy Yiuf
  1681 | D:2      | Reached XP level 5. HP: 36/41 MP: 5/5
  1762 | D:3      | Reached skill level 1 in Dodging
  2722 | D:4      | Reached XP level 6. HP: 47/47 MP: 6/6
  2727 | D:4      | Noticed a slave
  2728 | D:4      | Noticed a slave
  2728 | D:4      | Noticed a slave
  2729 | D:4      | Noticed Pikel
  2729 | D:4      | Noticed a slave
  2752 | D:4      | Killed Pikel
  2752 | D:4      | Gained mutation: You are mostly covered in iridescent scales. (AC +4) [demonic ancestry]
  2752 | D:4      | Reached XP level 7. HP: 44/54 MP: 7/7
  2755 | D:4      | Noticed a dagger
  2757 | D:4      | Noticed a dagger
  2759 | D:4      | Found a hide-covered altar of Uskayaw.
  2831 | D:4      | Noticed a two-headed ogre
  2836 | D:4      | Killed a two-headed ogre
  2836 | D:4      | Reached skill level 5 in Long Blades
  2836 | D:4      | Reached skill level 5 in Armour
  2836 | D:4      | Reached skill level 5 in Shields
  2836 | D:4      | Gained mutation: You have hoof-like feet. [demonic ancestry]
  2836 | D:4      | Reached XP level 8. HP: 60/60 MP: 8/8
  2882 | D:4      | Gained mutation: You have a pair of small horns on your head. [potion of mutation]
  2882 | D:4      | Gained mutation: You are robust. (+10% HP) [potion of mutation]
  2882 | D:4      | Gained mutation: You have hooves in place of feet. [potion of mutation]
  2882 | D:4      | Gained mutation: Your mind is acute. (Int +2) [potion of mutation]
  2883 | D:4      | Quit the game

Skill      XL: |  1  2  3  4  5  6  7 |
---------------+----------------------+-----
Shields        | 3 4 5 |  5.3
Long Blades    | 2 3 4 5 |  5.9
Armour         | 3 4 5 |  5.2
Dodging        | 1 2 |  2.2
Fighting       | 4 |  4.4
Stealth        | |  0.4

Action                   |  1- 3 |  4- 6 |  7- 9 || total
-------------------------+-------+-------+-------++-------
Melee: Long sword        |    80 |   168 |     7 ||   255
       Kick              |     3 |    43 |     4 ||    50
  Use: Potion            |     1 |       |     2 ||     3
       Scroll            |       |    10 |       ||    10
  Eat: Chunk             |       |     6 |     1 ||     7
Armor: Scale mail        |    55 |    46 |       ||   101
       Chain mail        |       |    16 |     5 ||    21
Dodge: Dodged            |    50 |    42 |     2 ||    94
Block: Shield            |    63 |    87 |    10 ||   160
       Rpst.: Long sword |    19 |    13 |     2 ||    34
